[ AOE2 MATCH · #506496021 ]
UnrankedPersians vs Mongols
Player's team · LOSS
Rival team · WIN
[ REPLAY ANALYSIS · EXTRACTED FROM THE RECORDED GAME ]
Feudal
12:19
Castle
17:19
Imperial
39:49
| APM avg | 61.9 |
| APM peak | 91 |
| eAPM avg | 29.2 |
| Villagers / military | 225 / 282 |
Focus
⚔️ 46.6% · 🌾 53.4%
Cavalry Archer ×147 · Spearman ×112 · Archer ×10 · Battering Ram ×5 · Militia ×4 · Bombard Cannon ×2
Feudal
8:52
Castle
19:10
Imperial
38:48
| APM avg | 60.3 |
| APM peak | 113 |
| eAPM avg | 32.0 |
| Villagers / military | 174 / 340 |
Focus
⚔️ 36.5% · 🌾 63.5%
Scout Cavalry ×139 · Camel Scout ×89 · Mangudai ×58 · Knight ×42 · Trebuchet (Packed) ×5 · Monk ×4
Match map
Initial resources + every placement click. Lines = walls · curves = elevation contours. ◆ gold · ⬟ stone · ● berries · ✦ relic · ◌ wall gap
Your base· ✓ Closed at 17:19 · 46t walls · no gate
NoToxic_MK's base· ✓ Closed at 19:10 · 37t walls · 1 gate(s)
Smoothed initial terrain · ◌ = detected wall gap · hover for details
Inputs per minute
— MathiasP - - NoToxic_MK
Build order — MathiasP
First 150 of 764 actions detected
| 0:04 | Queue | Villager (Male) |
| 0:05 | Build | House |
| 0:06 | Build | House |
| 0:14 | Queue | Villager (Male) |
| 0:16 | Queue | Villager (Male) |
| 0:32 | Queue | Villager (Male) |
| 0:40 | Queue | Villager (Male) |
| 1:46 | Build | Lumber Camp |
| 1:56 | Queue | Villager (Male) |
| 2:16 | Queue | Villager (Male) |
| 2:43 | Queue | Villager (Male) |
| 3:06 | Queue | Villager (Male) |
| 3:24 | Queue | Villager (Male) |
| 3:44 | Build | House |
| 3:47 | Queue | Villager (Male) |
| 4:04 | Queue | Villager (Male) |
| 4:15 | Build | Barracks |
| 4:34 | Queue | Villager (Male) |
| 4:56 | Queue | Villager (Male) |
| 4:59 | Queue | Villager (Male) |
| 5:19 | Build | House |
| 5:21 | Queue | Militia |
| 5:21 | Queue | Militia |
| 5:40 | Build | House |
| 5:43 | Queue | Militia |
| 5:48 | Build | Mill |
| 5:55 | Queue | Militia |
| 5:59 | Queue | Villager (Male) |
| 6:21 | Build | Palisade Wall |
| 6:38 | Research | Loom |
| 6:38 | Research | Loom |
| 7:27 | Queue | Villager (Male) |
| 7:34 | Queue | Villager (Male) |
| 7:57 | Queue | Villager (Male) |
| 8:03 | Build | Palisade Wall |
| 8:04 | Build | Palisade Wall |
| 8:33 | Queue | Villager (Male) |
| 8:38 | Build | Palisade Wall |
| 8:46 | Build | Palisade Wall |
| 9:04 | Queue | Villager (Male) |
| 9:05 | Queue | Villager (Male) |
| 9:08 | Build | Farm |
| 9:08 | Build | Farm |
| 9:09 | Build | Farm |
| 9:09 | Queue | Villager (Male) |
| 9:36 | Build | Farm |
| 9:38 | Queue | Villager (Male) |
| 10:03 | Build | House |
| 10:15 | Research | Feudal Age |
| 10:15 | Research | Feudal Age |
| 10:21 | Build | Mining Camp |
| 10:52 | Build | Palisade Wall |
| 11:01 | Build | Palisade Wall |
| 11:04 | Build | Palisade Wall |
| 11:05 | Build | Palisade Wall |
| 11:08 | Build | Palisade Wall |
| 11:10 | Build | Palisade Wall |
| 11:13 | Build | Palisade Wall |
| 11:15 | Build | Palisade Wall |
| 11:18 | Build | Palisade Wall |
| 12:19 | Age | Feudal Age |
| 12:26 | Build | Blacksmith |
| 12:29 | Queue | Villager (Male) |
| 12:33 | Build | Archery Range |
| 12:36 | Build | House |
| 12:48 | Queue | Villager (Male) |
| 13:04 | Queue | Villager (Male) |
| 13:12 | Build | House |
| 13:26 | Queue | Villager (Male) |
| 13:30 | Build | Archery Range |
| 13:49 | Queue | Villager (Male) |
| 14:07 | Build | House |
| 14:16 | Build | Lumber Camp |
| 14:54 | Research | Castle Age |
| 15:08 | Queue | Spearman |
| 15:23 | Queue | Archer |
| 15:24 | Queue | Archer |
| 15:29 | Build | House |
| 15:32 | Build | House |
| 15:34 | Queue | Archer |
| 15:35 | Queue | Archer |
| 15:40 | Queue | Archer |
| 16:04 | Queue | Archer |
| 16:20 | Research | Fletching |
| 16:37 | Queue | Archer |
| 16:42 | Build | House |
| 16:43 | Build | House |
| 16:44 | Build | House |
| 16:46 | Build | House |
| 16:47 | Build | House |
| 16:49 | Queue | Archer |
| 16:53 | Queue | Archer |
| 17:19 | Age | Castle Age |
| 17:29 | Queue | Archer |
| 17:33 | Queue | Cavalry Archer |
| 17:34 | Queue | Cavalry Archer |
| 17:39 | Queue | Cavalry Archer |
| 17:39 | Queue | Cavalry Archer |
| 17:46 | Queue | Villager (Male) |
| 17:56 | Build | Palisade Gate |
| 18:16 | Queue | Cavalry Archer |
| 18:24 | Queue | Cavalry Archer |
| 18:42 | Queue | Cavalry Archer |
| 18:47 | Queue | Cavalry Archer |
| 18:49 | Queue | Villager (Male) |
| 18:50 | Queue | Villager (Male) |
| 18:52 | Build | Town Center |
| 18:56 | Queue | Villager (Male) |
| 19:03 | Build | Town Center |
| 19:22 | Queue | Cavalry Archer |
| 19:37 | Queue | Villager (Male) |
| 19:44 | Queue | Cavalry Archer |
| 19:44 | Queue | Cavalry Archer |
| 19:51 | Queue | Cavalry Archer |
| 20:15 | Queue | Cavalry Archer |
| 20:17 | Queue | Cavalry Archer |
| 20:33 | Queue | Cavalry Archer |
| 20:34 | Queue | Villager (Male) |
| 20:36 | Build | Farm |
| 20:39 | Queue | Cavalry Archer |
| 20:59 | Queue | Cavalry Archer |
| 21:14 | Queue | Cavalry Archer |
| 21:16 | Build | Farm |
| 21:18 | Build | Farm |
| 21:18 | Queue | Villager (Male) |
| 21:25 | Queue | Cavalry Archer |
| 21:47 | Build | Farm |
| 21:47 | Build | Farm |
| 21:49 | Queue | Cavalry Archer |
| 21:49 | Queue | Cavalry Archer |
| 21:50 | Queue | Villager (Male) |
| 21:51 | Queue | Villager (Male) |
| 22:00 | Queue | Cavalry Archer |
| 22:05 | Build | Farm |
| 22:15 | Build | Farm |
| 22:18 | Queue | Villager (Male) |
| 22:26 | Build | Farm |
| 22:29 | Build | Farm |
| 22:33 | Queue | Cavalry Archer |
| 22:40 | Queue | Villager (Male) |
| 22:44 | Build | Farm |
| 22:51 | Build | Farm |
| 22:53 | Build | Farm |
| 22:53 | Queue | Villager (Male) |
| 23:01 | Queue | Villager (Male) |
| 23:19 | Queue | Villager (Male) |
| 23:30 | Queue | Villager (Male) |
| 23:43 | Build | Stable |
| 23:49 | Queue | Villager (Male) |
| 23:49 | Queue | Cavalry Archer |
Build order — NoToxic_MK
First 150 of 532 actions detected
| 0:00 | Queue | Villager (Male) |
| 0:00 | Queue | Villager (Male) |
| 0:01 | Queue | Villager (Male) |
| 0:02 | Build | House |
| 0:02 | Build | House |
| 0:09 | Queue | Villager (Male) |
| 1:26 | Queue | Villager (Male) |
| 1:26 | Queue | Villager (Male) |
| 1:47 | Build | Lumber Camp |
| 1:48 | Queue | Villager (Male) |
| 2:00 | Build | Lumber Camp |
| 2:08 | Queue | Villager (Male) |
| 2:45 | Queue | Villager (Male) |
| 2:45 | Queue | Villager (Male) |
| 3:14 | Queue | Villager (Male) |
| 3:14 | Queue | Villager (Male) |
| 3:47 | Build | House |
| 3:47 | Queue | Villager (Male) |
| 4:09 | Queue | Villager (Male) |
| 4:17 | Build | Mill |
| 4:21 | Queue | Villager (Male) |
| 4:36 | Queue | Villager (Male) |
| 4:36 | Queue | Villager (Male) |
| 5:06 | Queue | Villager (Male) |
| 5:39 | Queue | Villager (Male) |
| 5:39 | Research | Loom |
| 6:37 | Research | Feudal Age |
| 7:03 | Queue | Villager (Male) |
| 7:12 | Build | Palisade Wall |
| 7:13 | Build | Palisade Wall |
| 7:13 | Build | Palisade Wall |
| 7:14 | Build | Palisade Wall |
| 7:16 | Build | Palisade Wall |
| 7:25 | Build | House |
| 7:28 | Queue | Villager (Male) |
| 7:46 | Build | Barracks |
| 8:20 | Build | House |
| 8:35 | Build | House |
| 8:52 | Age | Feudal Age |
| 9:03 | Queue | Villager (Male) |
| 9:05 | Build | Mining Camp |
| 9:11 | Build | Stable |
| 9:18 | Build | Palisade Wall |
| 9:25 | Queue | Villager (Male) |
| 9:41 | Queue | Villager (Male) |
| 9:45 | Research | Double-Bit Axe |
| 9:45 | Research | Double-Bit Axe |
| 9:45 | Research | Horse Collar |
| 9:45 | Research | Horse Collar |
| 9:59 | Build | Palisade Wall |
| 10:03 | Build | Farm |
| 10:06 | Queue | Scout Cavalry |
| 10:06 | Queue | Scout Cavalry |
| 10:22 | Queue | Scout Cavalry |
| 10:29 | Build | Farm |
| 10:35 | Build | Farm |
| 10:43 | Queue | Villager (Male) |
| 10:53 | Build | Palisade Wall |
| 10:56 | Queue | Villager (Male) |
| 11:02 | Build | House |
| 11:05 | Build | Farm |
| 11:08 | Build | Farm |
| 11:17 | Queue | Villager (Male) |
| 11:23 | Build | House |
| 11:27 | Queue | Villager (Male) |
| 11:36 | Build | Farm |
| 11:44 | Queue | Villager (Male) |
| 11:54 | Build | House |
| 11:55 | Queue | Villager (Male) |
| 11:56 | Build | Farm |
| 12:00 | Build | Palisade Wall |
| 12:12 | Queue | Scout Cavalry |
| 12:17 | Queue | Villager (Male) |
| 12:27 | Queue | Villager (Male) |
| 12:30 | Build | Farm |
| 12:32 | Build | Farm |
| 12:36 | Build | Palisade Gate |
| 12:39 | Build | Palisade Wall |
| 12:47 | Queue | Villager (Male) |
| 12:49 | Build | House |
| 12:51 | Build | Palisade Wall |
| 12:59 | Queue | Villager (Male) |
| 13:02 | Build | Farm |
| 13:04 | Build | Farm |
| 13:16 | Build | Farm |
| 13:25 | Queue | Villager (Male) |
| 13:36 | Build | Palisade Gate |
| 13:38 | Queue | Villager (Male) |
| 13:53 | Build | Palisade Wall |
| 13:56 | Queue | Villager (Male) |
| 14:05 | Build | Mining Camp |
| 14:13 | Queue | Villager (Male) |
| 14:28 | Build | House |
| 14:34 | Build | Market |
| 14:40 | Queue | Villager (Male) |
| 14:44 | Queue | Villager (Male) |
| 14:57 | Build | House |
| 15:02 | Build | House |
| 15:05 | Build | Farm |
| 15:34 | Build | Palisade Wall |
| 15:34 | Build | Palisade Wall |
| 15:38 | Queue | Villager (Male) |
| 15:56 | Build | House |
| 16:24 | Build | Farm |
| 16:30 | Research | Castle Age |
| 16:30 | Research | Castle Age |
| 16:47 | Build | Farm |
| 16:51 | Build | Farm |
| 16:54 | Queue | Villager (Male) |
| 17:04 | Queue | Villager (Male) |
| 17:22 | Queue | Scout Cavalry |
| 17:33 | Build | House |
| 17:35 | Build | House |
| 18:13 | Queue | Villager (Male) |
| 18:18 | Build | Stable |
| 18:59 | Build | Blacksmith |
| 19:09 | Research | Gold Mining |
| 19:10 | Age | Castle Age |
| 19:12 | Queue | Knight |
| 19:13 | Queue | Knight |
| 19:17 | Queue | Villager (Male) |
| 19:26 | Research | Bow Saw |
| 19:27 | Research | Bow Saw |
| 19:40 | Queue | Knight |
| 19:41 | Queue | Knight |
| 19:42 | Queue | Villager (Male) |
| 19:46 | Research | Scale Barding Armor |
| 19:46 | Research | Scale Barding Armor |
| 19:59 | Queue | Knight |
| 20:00 | Queue | Villager (Male) |
| 20:30 | Queue | Villager (Male) |
| 20:36 | Build | Town Center |
| 20:38 | Queue | Villager (Male) |
| 20:43 | Queue | Villager (Male) |
| 20:50 | Queue | Villager (Male) |
| 20:54 | Queue | Knight |
| 21:19 | Queue | Villager (Male) |
| 21:20 | Queue | Villager (Male) |
| 21:23 | Research | Wheelbarrow |
| 21:29 | Research | Bloodlines |
| 21:29 | Research | Husbandry |
| 21:45 | Build | Farm |
| 21:46 | Build | Farm |
| 21:47 | Build | Farm |
| 21:51 | Queue | Villager (Male) |
| 21:51 | Queue | Villager (Male) |
| 21:51 | Queue | Villager (Male) |
| 22:11 | Queue | Villager (Male) |
| 22:11 | Queue | Villager (Male) |
| 22:31 | Build | Farm |
Match timeline
| 4:15 | MathiasP · first_building Barracks |
| 6:21 | MathiasP · wall_segment Palisade Wall x3 |
| 7:12 | NoToxic_MK · wall_segment Palisade Wall x1 |
| 7:13 | NoToxic_MK · wall_segment Palisade Wall x1 |
| 7:13 | NoToxic_MK · wall_segment Palisade Wall x1 |
| 7:14 | NoToxic_MK · wall_segment Palisade Wall x1 |
| 7:16 | NoToxic_MK · wall_segment Palisade Wall x1 |
| 7:46 | NoToxic_MK · first_building Barracks |
| 8:03 | MathiasP · wall_segment Palisade Wall x7 |
| 8:04 | MathiasP · wall_segment Palisade Wall x7 |
| 8:38 | MathiasP · wall_segment Palisade Wall x7 |
| 8:46 | MathiasP · wall_segment Palisade Wall x11 |
| 8:52 | NoToxic_MK · age_up feudal |
| 9:11 | NoToxic_MK · first_building Stable |
| 9:18 | NoToxic_MK · wall_segment Palisade Wall x6 |
| 9:59 | NoToxic_MK · wall_segment Palisade Wall x9 |
| 10:52 | MathiasP · wall_segment Palisade Wall x6 |
| 10:53 | NoToxic_MK · wall_segment Palisade Wall x4 |
| 11:01 | MathiasP · wall_segment Palisade Wall x1 |
| 11:04 | MathiasP · wall_segment Palisade Wall x1 |
| 11:05 | MathiasP · wall_segment Palisade Wall x1 |
| 11:08 | MathiasP · wall_segment Palisade Wall x1 |
| 11:10 | MathiasP · wall_segment Palisade Wall x1 |
| 11:13 | MathiasP · wall_segment Palisade Wall x1 |
| 11:15 | MathiasP · wall_segment Palisade Wall x1 |
| 11:18 | MathiasP · wall_segment Palisade Wall x1 |
| 12:00 | NoToxic_MK · wall_segment Palisade Wall x3 |
| 12:19 | MathiasP · age_up feudal |
| 12:33 | MathiasP · first_building Archery Range |
| 12:39 | NoToxic_MK · wall_segment Palisade Wall x1 |
| 12:51 | NoToxic_MK · wall_segment Palisade Wall x8 |
| 13:53 | NoToxic_MK · wall_segment Palisade Wall x1 |
| 15:34 | NoToxic_MK · wall_segment Palisade Wall x1 |
| 15:34 | NoToxic_MK · wall_segment Palisade Wall x1 |
| 16:13 | NoToxic_MK · first_market_sell 100 stone |
| 16:14 | NoToxic_MK · first_market_buy 100 food |
| 17:19 | MathiasP · age_up castle |
| 19:10 | NoToxic_MK · age_up castle |
| 23:43 | MathiasP · first_building Stable |
| 29:47 | NoToxic_MK · first_building Monastery |
| 30:39 | MathiasP · wall_segment Palisade Wall x1 |
| 31:12 | MathiasP · wall_segment Palisade Wall x1 |
| 32:57 | NoToxic_MK · first_building Castle |
| 34:35 | MathiasP · wall_segment Stone Wall x1 |
| 35:32 | NoToxic_MK · first_building Siege Workshop |
| 35:34 | MathiasP · first_building Castle |
| 35:57 | MathiasP · wall_segment Stone Wall x1 |
| 36:00 | MathiasP · wall_segment Stone Wall x1 |
| 37:53 | MathiasP · first_building Siege Workshop |
| 38:48 | NoToxic_MK · age_up imperial |
| 39:49 | MathiasP · age_up imperial |
| 57:51 | MathiasP · resign |
[ AI ANALYSIS · 1 CREDIT ]
What really happened in this match?
Wolo.gg analyzes every decision: build order, eco, micro, common mistakes by bracket. Personalized analysis on WhatsApp or Discord in 30 seconds.
Civ guide
Persians
Perfil
Jugador #20506893